 Dungeon Crawl Stone Soup version 0.30-a0-424-g7412bad402 (webtiles) character file.

Game seed: 9537455129684150107

233 scionoferis the Cudgeller (level 5, -6/49 HPs)
             Began as an Armataur Fighter on Dec 10, 2022.
             Succumbed to an orc wizard's poison
             ... on level 3 of the Dungeon.
             The game lasted 00:05:32 (1794 turns).

scionoferis the Cudgeller (Armataur Fighter)        Turns: 1794, Time: 00:05:33

Health: -6/49      AC:  7    Str: 22    XL:     5   Next: 75%
Magic:  5/5        EV:  8    Int:  8    God:
Gold:   174        SH:  4    Dex: 11    Spells: 4/4 levels left

rFire   . . .      SeeInvis .    a - +0 flail
rCold   . . .      Faith    .    c - +0 buckler
rNeg    + . .      Spirit   .    f - +0 ring mail {rN+}
rPois   .          Reflect  .    q - +0 helmet
rElec   .          Harm     .    (no cloak)
rCorr   .          Roll     +    (no gloves)
Will    .....                    (no barding)
Stlth   +.........               (no amulet)
HPRegen 0.28/turn                (no ring)
MPRegen 0.09/turn                (no ring)

@: lethally poisoned (-6 -> -41)
A: large, rugged brown scales 3, deformed body, armoured tail, roll, long
tongue, awkward tongue
a: no special abilities


You were on level 3 of the Dungeon.
You visited 1 branch of the dungeon, and saw 3 of its levels.
You also visited: Sewer.

You collected 174 gold pieces.


Innate Abilities, Weirdness & Mutations

You are completely covered in rugged brown scales. (AC +3, +7% HP)
Armour fits poorly on your strangely shaped body.
You have a long armoured tail.
You roll when moving toward enemies. (Rampage)
Your long tongue fully drains potion bottles. (2x potion effects)
Your tongue gives you trouble enunciating. (1.5x scroll delay)


   Skills:
 + Level 3.8 Fighting
 * Level 4.2 Maces & Flails
 - Level 4.0 Armour
 - Level 4.0 Shields


You had 4 spell levels left.
You didn't know any spells.
Your spell library was empty.

Inventory:

Hand Weapons
 a - a +0 flail (weapon)
Missiles
 o - 3 poisoned darts (quivered)
Armour
 b - a +0 troll leather armour {Pargi}
   (You found it in a sewer)
 c - a +0 buckler (worn)
 f - a +0 ring mail of positive energy (worn)
   (You found it on level 1 of the Dungeon)
 q - a +0 helmet (worn)
   (You found it on level 3 of the Dungeon)
Jewellery
 m - a ring of poison resistance
   (You found it on level 2 of the Dungeon)
Wands
 s - a wand of light (5)
   (You found it in a sewer)
Scrolls
 e - a scroll of silence {unknown}
 g - a scroll of teleportation {unknown}
 i - 3 scrolls of enchant armour {unknown}
 k - 2 scrolls of identify {unknown}
 v - a scroll of blinking {unknown}
Potions
 d - a potion of might
 h - 2 potions of attraction {unknown}
 l - a potion of heal wounds {unknown}
 n - a potion of mutation {unknown}
 p - a potion of haste {unknown}
 r - a potion of magic {unknown}
 t - a potion of brilliance {unknown}
 u - a potion of berserk rage

Dungeon Overview and Level Annotations

Branches:
Dungeon (3/15)              Sewer (visited)

Altars:

#.......# #.......#
#.......# #.......#
#####
#.......######.....
#>.................####
#..................+...
#....{..# #.....#...
#.....@.# #.........
#.......# #####.....
######'### #.......##
#...# #.......## ###.#
#....^..'. #.#
#####...#. #.# #...#.
#.###### #...#.
#......########)


There were no monsters in sight!


Message History

Welcome, scionoferis the Armataur Fighter.
You feel drawn to the Orb of Zot, downwards into the unfathomable depths...
Press ? for a list of commands and other information.
Found a staircase leading out of the dungeon.
You open the large door.
There is a large open door here.
You now have 15 gold pieces.
You open the large door.
There is a large open door here.
As you open the large door, it creaks loudly!
There is a large open door here.
You now have 23 gold pieces (gained 8).
Found a stone staircase leading down.
A quokka comes into view.
You closely miss the quokka.
The quokka bites you but does no damage.
You barely miss the quokka.
Your tail-slap misses the quokka.
The quokka twitches its whiskers.
You block the quokka's attack. x2
You closely miss the quokka. The quokka bites you.
The quokka barely misses you.
You hit the quokka. You tail-slap the quokka.
You kill the quokka!
No target in view!
HP restored.
Found a leather armour.
A bat comes into view.
Found a robe.
Found a stone staircase leading down.
You roll towards the bat!
You completely miss the bat. The bat barely misses you.
You hit the bat.
Your tail-slap misses the bat.
The bat is heavily wounded.
The bat hits you but does no damage.
You sock the bat!
You kill the bat!
No target in view!
Found 3 stones.
No target in view!
A kobold comes into view. It is wielding a +0 whip.
The kobold throws a stone.
The stone hits you but does no damage.
The kobold throws a stone.
The stone barely misses you.
You roll towards the kobold!
You barely miss the kobold. You tail-slap the kobold.
You kill the kobold!
No target in view!
No target in view!
Things that are here:
a +0 whip; 2 stones A bat comes into view.
The bat moves out of view.
A bat is nearby!
You roll towards the bat!
You closely miss the bat.
Your tail-slap misses the bat.
The bat hits you but does no damage. x3
You barely miss the bat. The bat barely misses you.
The bat hits you but does no damage.
You miss the bat. The bat barely misses you. The bat hits you.
The bat hits you but does no damage.
You closely miss the bat. You tail-slap the bat.
You kill the bat!
Your Maces & Flails skill increases to level 2!
No target in view!
Found an escape hatch in the floor.
A rat comes into view.
A rat is nearby!
You roll towards the rat!
A kobold comes into view. It is wielding a +0 short sword.
A frilled lizard comes into view.
Found a faded altar of an unknown god.
The kobold shouts!
The rat bites you but does no damage.
You hit the rat but do no damage. The rat bites you but does no damage.
You barely miss the rat. You tail-slap the rat.
You kill the rat!
You barely miss the frilled lizard. The frilled lizard barely misses you.
The frilled lizard bites you.
You sock the kobold!
You kill the kobold!
The frilled lizard closely misses you.
You thump the frilled lizard!
You kill the frilled lizard!
No target in view!
There is a dry fountain here.
You see here a +0 robe.
A kobold comes into view. It is wielding a +0 whip.
The kobold shouts!
You hear a shout!
A kobold comes into view. It is wielding a +0 dagger.
A hobgoblin comes into view.
The kobold shouts!
You hear a shout!
You swing at nothing.
You swing at nothing.
You miss the kobold. The kobold hits you with a +0 dagger.
You sock the kobold!
You kill the kobold!
You have reached level 2!
You barely miss the kobold. You block the kobold's attack.
The kobold hits you but does no damage.
You barely miss the kobold. You tail-slap the kobold.
The kobold is moderately wounded.
The kobold hits you with a +0 whip.
You hit the kobold.
The kobold is severely wounded.
You block the kobold's attack.
You hit the kobold but do no damage.
The kobold is severely wounded.
The kobold hits you but does no damage. The kobold closely misses you.
You hit the kobold.
You kill the kobold!
You hit the hobgoblin.
The hobgoblin is almost dead.
The hobgoblin barely misses you.
You hit the hobgoblin.
You kill the hobgoblin!
You swing at nothing.
e - a scroll labelled ASUFUB RUENI You see here a +0 ring mail of positive energy.
f - a +0 ring mail of positive energy You start removing your armour.
You continue taking off your +0 scale mail. x4
You finish taking off your +0 scale mail.
You start putting on your armour.
You continue putting on your +0 ring mail of positive energy. x5
You finish putting on your +0 ring mail of positive energy.
You feel more protected from negative energy.
A ball python comes into view.
You roll towards the ball python!
You sock the ball python!
You kill the ball python!
No target in view!
No target in view!
An endoplasm comes into view.
You roll towards the endoplasm!
You hit the endoplasm.
You kill the endoplasm!
No target in view!
A dart slug comes into view.
The dart slug briefly extends its eye-stalks.
You roll towards the dart slug!
You hit the dart slug.
Your tail-slap misses the dart slug.
The dart slug is lightly wounded.
You block the dart slug's attack.
You sock the dart slug!
The dart slug is almost dead.
You block the dart slug's attack.
You hit the dart slug.
The dart slug is almost dead.
The dart slug launches a dart at you.
The slug dart hits you but does no damage.
You hit the dart slug.
You kill the dart slug!
Found 5 stones.
g - a scroll labelled WIOKHL MATAONER An endoplasm comes into view.
The endoplasm quivers.
A dart slug comes into view.
The dart slug moves out of view.
You roll towards the endoplasm!
A kobold comes into view. It is wielding a +0 short sword.
The endoplasm freezes you.
You are frozen.
You hit the endoplasm.
You kill the endoplasm!
You barely miss the kobold. The kobold completely misses you.
The dart slug launches a dart at you. The slug dart misses you.
The kobold hits you but does no damage.
You hit the kobold but do no damage.
The dart slug bites you but does no damage.
The kobold hits you but does no damage.
You hit the kobold.
The kobold is heavily wounded.
The kobold barely misses you. The dart slug launches a dart at you.
The slug dart hits you but does no damage.
You hit the kobold.
You kill the kobold!
The dart slug launches a dart at you. The slug dart misses you.
You hit the dart slug but do no damage. The dart slug launches a dart at you.
The slug dart misses you.
You completely miss the dart slug. The dart slug launches a dart at you.
The slug dart hits you.
You sock the dart slug!
The dart slug is severely wounded.
The dart slug bites you but does no damage.
You hit the dart slug but do no damage.
The dart slug is severely wounded.
The dart slug launches a dart at you. The slug dart hits you.
You hit the dart slug.
You kill the dart slug!
No target in view!
A frilled lizard comes into view.
The frilled lizard hisses angrily.
You start resting.
A frilled lizard is nearby!
You roll towards the frilled lizard!
You hit the frilled lizard.
You kill the frilled lizard!
No target in view!
HP restored.
You see here a frilled lizard corpse.
Things that are here:
a +0 short sword; 2 stones A giant cockroach comes into view.
Found a brown potion.
A giant cockroach is nearby!
You roll towards the giant cockroach!
A kobold comes into view. It is wielding a +0 short sword.
The kobold shouts!
You roll towards the giant cockroach!
The giant cockroach closely misses you.
You hit the giant cockroach but do no damage.
You tail-slap the giant cockroach.
You kill the giant cockroach!
The kobold misses you.
You hit the kobold.
The kobold is heavily wounded.
The kobold hits you with a +0 short sword.
You thump the kobold!
You kill the kobold!
No target in view!
A goblin comes into view. It is wielding a +0 dagger.
Found a hand axe.
You roll towards the goblin!
Found 5 atropa-tipped darts.
You hit the goblin but do no damage. You tail-slap the goblin.
The goblin is heavily wounded.
The goblin closely misses you. x2
You barely miss the goblin.
The goblin is heavily wounded.
You block the goblin's attack.
You closely miss the goblin.
The goblin is heavily wounded.
The goblin hits you with a +0 dagger.
You sock the goblin!
You kill the goblin!
No target in view!
h - a brown potion A ball python comes into view.
The ball python hisses angrily.
The ball python moves out of view.
The ball python falls through a shaft!
The shaft crumbles and collapses.
A frilled lizard comes into view.
You miss the frilled lizard. The frilled lizard closely misses you.
You hit the frilled lizard.
You kill the frilled lizard!
No target in view!
You see here a frilled lizard corpse.
You see here a +0 hand axe.
A giant cockroach comes into view.
The giant cockroach waves its antennae.
You roll towards the giant cockroach!
You thump the giant cockroach!
You kill the giant cockroach!
No target in view!
No target in view!
You see here a giant cockroach corpse.
Found a stone staircase leading down.
A hobgoblin comes into view.
A hobgoblin is nearby!
The hobgoblin shouts!
Things that are here:
a +0 short sword; 2 stones You sock the hobgoblin!
You kill the hobgoblin!
Training target 4.0 for Armour reached!
Your Armour skill increases to level 4!
You have reached level 3!
Your experience leads to an increase in your attributes!
Increase (S)trength, (I)ntelligence, or (D)exterity?
You feel agile. x2
Things that are here:
a +0 short sword; 2 stones You see here a giant cockroach corpse.
You see here a giant cockroach corpse.
Done exploring.
Done exploring.
Search for what [? for help]? d: Unknown command.
There is a stone staircase leading down here.
Search for what [Enter for "d:", or ? for help]?
Unknown command.
You climb downwards.
Found a mace and 3 scrolls labelled QOLO HALAUQI.
There is a stone staircase leading up here.
You roll towards the quokka!
You sock the quokka!
You kill the quokka!
Your Fighting skill increases to level 3!
No target in view!
i - 3 scrolls labelled QOLO HALAUQI You open the door.
There is an open door here.
The ball python hisses angrily.
A quokka comes into view.
Found a stone staircase leading down.
You swing at nothing.
The ball python bites you but does no damage.
You thump the ball python!
You kill the ball python!
The quokka twitches its whiskers.
You closely miss the quokka. The quokka bites you.
You hit the quokka.
Your tail-slap misses the quokka.
The quokka is almost dead.
You block the quokka's attack.
The quokka twitches its whiskers.
The quokka closely misses you.
You closely miss the quokka.
The quokka is almost dead.
The quokka barely misses you.
The quokka bites you but does no damage.
You closely miss the quokka.
The quokka is almost dead.
The quokka bites you.
You miss the quokka.
The quokka is almost dead.
The quokka closely misses you. You block the quokka's attack.
You closely miss the quokka.
The quokka is almost dead.
The quokka barely misses you.
You barely miss the quokka.
The quokka is almost dead.
The quokka barely misses you. The quokka closely misses you.
You hit the quokka.
You kill the quokka!
No target in view!
HP restored.
You see here a quokka corpse.
You now have 37 gold pieces (gained 14).
j - a smoky purple potion
There is a stone staircase leading down here.
You now have 51 gold pieces (gained 14).
A hobgoblin comes into view.
You roll towards the hobgoblin!
You closely miss the hobgoblin. The hobgoblin barely misses you.
The hobgoblin hits you but does no damage.
You sock the hobgoblin!
You kill the hobgoblin!
No target in view!
Found a scale mail.
k - a scroll labelled IFOIRYB PUUVU
l - an inky potion
Found a stone staircase leading up.
You open the door.
There is an open door here.
Found a stone staircase leading down.
There is a stone staircase leading down here.
A giant cockroach comes into view.
Found a robe.
The giant cockroach closely misses you.
You hit the giant cockroach but do no damage.
You tail-slap the giant cockroach.
The giant cockroach is moderately wounded.
The giant cockroach barely misses you.
You barely miss the giant cockroach.
The giant cockroach is moderately wounded.
The giant cockroach barely misses you. You block the giant cockroach's attack.
You hit the giant cockroach but do no damage.
The giant cockroach is moderately wounded.
The giant cockroach closely misses you.
You hit the giant cockroach.
The giant cockroach is severely wounded.
You block the giant cockroach's attack.
The giant cockroach waves its antennae.
The giant cockroach closely misses you.
You hit the giant cockroach.
You kill the giant cockroach!
No target in view!
You open the door.
There is an open door here.
m - a ring of poison resistance You now have 61 gold pieces (gained 10).
A rat comes into view.
Found a sling.
A rat is nearby!
Found a stone staircase leading up.
You roll towards the rat!
Found a ring mail.
You completely miss the rat.
Your tail-slap misses the rat.
The rat bites you. The rat barely misses you.
You closely miss the rat. You block the rat's attack.
You barely miss the rat. You tail-slap the rat.
You kill the rat!
No target in view!
There is a stone staircase leading up here.
You see here a +0 ring mail.
A frilled lizard comes into view.
The frilled lizard hisses angrily.
A frilled lizard is nearby!
You block the frilled lizard's attack.
You barely miss the frilled lizard. The frilled lizard closely misses you.
The frilled lizard bites you but does no damage.
You sock the frilled lizard!
You kill the frilled lizard!
No target in view!
You see here a frilled lizard corpse.
A hobgoblin comes into view.
The hobgoblin shouts!
A dart slug comes into view.
The dart slug launches a dart at you.
The slug dart hits you but does no damage.
You roll towards the hobgoblin!
An endoplasm comes into view.
The endoplasm quivers.
You thump the hobgoblin!
You kill the hobgoblin!
Found 5 stones.
You roll towards the dart slug!
You hit the dart slug.
The dart slug is heavily wounded.
The dart slug barely misses you.
You completely miss the dart slug.
The dart slug is heavily wounded.
The dart slug bites you.
The endoplasm hits you but does no damage.
You hit the dart slug.
The dart slug is severely wounded.
The endoplasm freezes you.
You are frozen.
You block the dart slug's attack.
You hit the dart slug.
You kill the dart slug!
The endoplasm freezes you.
You are frozen.
You completely miss the endoplasm. The endoplasm freezes you.
You are frozen.
The endoplasm freezes you.
You are frozen.
You barely miss the endoplasm. You tail-slap the endoplasm!
You kill the endoplasm!
No target in view!
A bat comes into view.
You block the bat's attack.
You barely miss the bat.
You tail-slap the bat, but do no damage.
The bat hits you but does no damage. x2
You hit the bat but do no damage. The bat barely misses you.
You roll towards the bat!
You hit the bat.
You kill the bat!
No target in view!
An endoplasm comes into view.
Found 12 gold pieces.
The endoplasm quivers.
You roll towards the endoplasm!
You hit the endoplasm.
The endoplasm is almost dead.
The endoplasm barely misses you.
You sock the endoplasm!
You kill the endoplasm!
No target in view!
You now have 73 gold pieces (gained 12).
You open the door.
A kobold and a bat come into view.
The kobold shouts!
You hear an angry hiss.
You block the bat's attack.
The kobold moves out of view.
Found a smoky purple potion.
You hit the bat.
The bat is moderately wounded.
You block the bat's attack.
An adder comes into view.
Found a smoky purple potion, a sedimented emerald potion and 2 gold pieces.
The adder hisses angrily.
You hear an angry hiss.
The bat hits you but does no damage. x2
An endoplasm comes into view.
There is an open door here.
You sock the adder!
Your tail-slap misses the adder.
The adder is severely wounded.
The bat completely misses you. The bat hits you but does no damage.
You block the adder's attack. The bat completely misses you.
You block the adder's attack.
You closely miss the adder.
The adder is severely wounded.
You block the bat's attack. The bat hits you but does no damage.
The adder barely misses you.
An adder comes into view.
You block the adder's attack. The bat hits you but does no damage.
The adder moves out of view.
You block the bat's attack.
You hit the bat.
The bat is severely wounded.
You block the bat's attack. The bat closely misses you.
You completely miss the bat.
The bat is severely wounded.
The bat hits you but does no damage.
The endoplasm jiggles.
The adder bites you.
You are poisoned.
The adder poisons you!
You thump the adder!
You kill the adder!
You feel sick. The bat hits you. The bat hits you but does no damage.
You barely miss the bat.
The bat is severely wounded.
You feel sick. The bat hits you but does no damage. The bat barely misses you.
The bat hits you but does no damage.
You sock the bat!
You kill the bat!
You feel sick.
You sock the endoplasm!
You kill the endoplasm!
You feel sick.
You are no longer poisoned.
The adder bites you.
You are poisoned.
The adder poisons you!
You barely miss the adder.
You feel sick. The adder bites you.
You are more poisoned.
The adder poisons you! The adder barely misses you.
You sock the adder!
The adder is severely wounded.
You feel very sick. The adder barely misses you.
Okay, then.
You closely miss the adder.
The adder is severely wounded.
You feel sick.
The adder bites you but does no damage. x2
You sock the adder!
You kill the adder!
You feel sick.
The kobold hits you with a +0 short sword.
You have reached level 4!
You feel stronger.
You hit the kobold but do no damage.
You feel sick.
The kobold hits you with a +0 short sword.
You thump the kobold!
You kill the kobold!
You feel sick.
You start resting.
You feel sick. x2
You are no longer poisoned.
You start resting.
HP restored.
There is an open door here.
Things that are here:
a +0 short sword; a kobold corpse; an adder corpse
j - 2 smoky purple potions (gained 1)
Found 3 poisoned darts and a robe.
j - 3 smoky purple potions (gained 1)
n - a sedimented emerald potion You now have 75 gold pieces (gained 2).
You see here 3 poisoned darts.
o - 3 poisoned darts
There is an open door here.
Things that are here:
a +0 short sword; a kobold corpse; an adder corpse
Found a stone staircase leading down.
k - 2 scrolls labelled IFOIRYB PUUVU (gained 1)
A worm comes into view.
An endoplasm and a ball python come into view.
The endoplasm quivers.
The ball python hisses angrily.
There is an open door here.
You sock the endoplasm!
You kill the endoplasm!
There is an open door here.
You hit the ball python.
The ball python is moderately wounded.
The ball python closely misses you.
You sock the ball python!
You kill the ball python!
You barely miss the worm. The worm bites you but does no damage.
You hit the worm.
Your tail-slap misses the worm.
The worm is moderately wounded.
The worm barely misses you.
You hit the worm.
The worm is heavily wounded.
You hit the worm.
The worm is severely wounded.
The worm bites you.
You thump the worm!
You kill the worm!
Your Maces & Flails skill increases to level 3!
You swing at nothing.
There is an open door here.
Things that are here:
a worm corpse; a ball python corpse
There is an open door here.
There is an open door here.
You see here a frilled lizard skeleton.
Done exploring.
Done exploring.
There is a stone staircase leading down here.
You climb downwards.
You hear the sound of rushing water.
There is an entrance to a sewer on this level.
Hurry and find it before the portal rusts away!
The hobgoblin shouts!
Found a bubbling dark potion and 4 gold pieces.
Found a stone staircase leading down.
There is a stone staircase leading up here.
Found a smoky amethyst potion.
Found a sling.
You barely miss the hobgoblin. You tail-slap the hobgoblin.
You kill the hobgoblin!
You see here a hobgoblin corpse.
You barely miss the worm. You tail-slap the worm!
The worm is heavily wounded.
The worm barely misses you.
You hit the worm.
The worm is severely wounded.
You hit the worm.
You kill the worm!
There is a stone staircase leading up here.
p - a bubbling dark potion You now have 79 gold pieces (gained 4).
An adder comes into view.
Found a leather armour and 7 gold pieces.
The adder hisses angrily.
You closely miss the adder. The adder bites you but does no damage.
You block the adder's attack.
You closely miss the adder. The adder bites you but does no damage.
You miss the adder. The adder closely misses you.
The adder completely misses you.
You miss the adder.
Your tail-slap misses the adder.
You hear the slow rusting of a drain nearby.
The adder closely misses you.
You closely miss the adder. The adder bites you. You block the adder's attack.
You sock the adder!
You kill the adder!
Found a helmet.
You see here an adder corpse.
You see here a +0 leather armour.
Unknown command.
You now have 86 gold pieces (gained 7).
Found 25 gold pieces.
You see here a +0 helmet.
q - a +0 helmet You start putting on your armour.
You continue putting on your +0 helmet. x4
You finish putting on your +0 helmet.
You open the door.
Found a dark potion.
Found a stone staircase leading down.
There is an open door here.
r - a dark potion
There is an open door here.
As you open the door, it creaks loudly!
You hear a shout!
There is an open door here.
A goblin comes into view. It is wielding a +0 club.
You hear the slow rusting of a drain very nearby.
You roll towards the goblin!
You roll towards the goblin!
You barely miss the goblin. The goblin hits you with a +0 club. x2
You closely miss the goblin. You block the goblin's attack.
You sock the goblin!
You kill the goblin!
Things that are here:
a +0 club; a goblin corpse
There is a stone staircase leading up here.
You open the large door.
Found 4 gold pieces.
Found a stone staircase leading up.
There is a large open door here.
There is a large open door here.
An adder comes into view.
The adder hisses angrily.
The adder bites you but does no damage.
You hit the adder but do no damage. The adder bites you.
The adder bites you but does no damage.
You miss the adder. The adder bites you but does no damage.
You hit the adder. You tail-slap the adder!
You kill the adder!
Training target 4.0 for Shields reached!
Your Shields skill increases to level 4!
You enter the shallow water.
Found a glowing drain.
You see here an adder corpse.
There is a glowing drain here.
You drop a +0 scale mail.
The world spins around you as you enter the gateway.
You enter a sewer!
Found a gate leading back out of this place.
There is an empty arch of ancient stone here.
The bat barely misses you. The bat hits you.
You roll towards the bat!
You closely miss the bat. You block the bat's attack.
The bat hits you but does no damage. The bat barely misses you.
You hit the bat.
You kill the bat!
The bat hits you but does no damage.
You miss the bat. The bat barely misses you. You block the bat's attack.
No reachable target in view!
No reachable target in view!
No reachable target in view!
The bat barely misses you.
You miss the bat. The bat barely misses you. You block the bat's attack.
You closely miss the bat. You block the bat's attack.
You barely miss the bat. The bat barely misses you.
The bat hits you but does no damage.
You sock the bat!
You kill the bat! 2 bats come into view.
Found a potion of berserk rage.
Found a gate leading back out of this place.
You closely miss the bat. The bat closely misses you.
The bat hits you but does no damage. x2
You hit the bat.
Your tail-slap misses the bat.
The bat is severely wounded.
The bat hits you but does no damage. The bat barely misses you. x2
You barely miss the bat.
Your tail-slap misses the bat.
The bat is severely wounded.
The bat hits you but does no damage. The bat closely misses you.
The bat hits you. The bat closely misses you.
You hit the bat.
You kill the bat!
The bat barely misses you.
Pargi the Meek comes into view.
Pargi shouts!
You block the bat's attack.
You roll towards the bat!
Found a shiny brass wand and 18 gold pieces.
The bat barely misses you. The bat hits you but does no damage.
You see here a potion of berserk rage.
You roll towards the bat!
You thump the bat!
You kill the bat!
b - a potion of berserk rage Pargi bites you but does no damage.
Pargi barely misses you. Pargi claws you but does no damage.
You slurp down every last drop of the potion of berserk rage!
A red film seems to cover your vision as you go berserk!
You feel yourself moving faster!
You feel mighty! Pargi bites you but does no damage. Pargi claws you.
Pargi claws you but does no damage.
You closely miss Pargi. You block Pargi's attack. Pargi closely misses you.
You block Pargi's attack.
You sock Pargi!
Pargi is moderately wounded.
You block Pargi's attack. Pargi claws you but does no damage.
You block Pargi's attack.
You closely miss Pargi.
Pargi is moderately wounded.
Pargi bites you. Pargi claws you but does no damage. x2
You hit Pargi.
Pargi is heavily wounded.
You block Pargi's attack. Pargi barely misses you. Pargi misses you.
You thump Pargi!
Pargi is almost dead.
Pargi bites you but does no damage. Pargi claws you but does no damage.
Pargi closely misses you.
You sock Pargi!
You kill Pargi!
The troll leather armour {Pargi} is intact enough to wear.
Your Maces & Flails skill increases to level 4!
You have reached level 5!
Found a brown potion, 41 gold pieces and a halberd.
Things that are here:
a +0 troll leather armour {Pargi}; the troll corpse of Pargi; a bat corpse
b - a +0 troll leather armour {Pargi} You feel a strong urge to attack something.
You feel your anger nearly subside.
Your blood rage is quickly leaving you.
You are no longer berserk.
You are exhausted.
You feel yourself slow down.
You now have 98 gold pieces (gained 12).
You now have 114 gold pieces (gained 16).
h - 2 brown potions (gained 1)
You see here a +0 halberd.
You now have 127 gold pieces (gained 13).
You now have 136 gold pieces (gained 9).
s - a wand of light (5)
You now have 145 gold pieces (gained 9).
You start waiting.
You feel yourself speed up.
You start removing your armour.
You continue taking off your +0 ring mail of positive energy. x4
You finish taking off your +0 ring mail of positive energy.
You feel less protected from negative energy.
You start putting on your armour.
You continue putting on your +0 troll leather armour {Pargi}. x5
You finish putting on your +0 troll leather armour {Pargi}.
The armour throbs as it attunes itself to your uninjured body.
You start removing your armour.
You continue taking off your +0 troll leather armour {Pargi}. x4
You recover from your berserk rage.
You finish taking off your +0 troll leather armour {Pargi}.
You start putting on your armour.
You continue putting on your +0 ring mail of positive energy. x5
You finish putting on your +0 ring mail of positive energy.
You feel more protected from negative energy.
Things that are here:
the troll corpse of Pargi; a bat corpse You see here a bat corpse.
Done exploring.
Done exploring.
Search for what [Enter for "d:", or ? for help]? sewer Unknown command.
There is a gate leading back out of this place here.
Welcome back to the Dungeon!
There is a collapsed entrance here.
You see here a +0 scale mail.
You enter the shallow water.
You see here an adder corpse.
You now have 149 gold pieces (gained 4).
There is a stone staircase leading up here.
There is a large open door here.
There is a large open door here.
There is a stone staircase leading up here.
Found a dagger.
t - a smoky amethyst potion
Found a stone staircase leading up.
You now have 174 gold pieces (gained 25).
You open the door.
There is an open door here.
You open the door.
There is an open door here.
You open the door.
There is an open door here. 2 orcs come into view.
Found a potion of berserk rage and a scroll labelled DEMMOR JOUP.
The orc shouts! x2
You hit the orc but do no damage. The orc hits you but does no damage.
The orc hits you with a +0 hand axe.
You closely miss the orc. The orc hits you but does no damage.
You hit the orc but do no damage. The orc closely misses you.
You barely miss the orc. You block the orc's attack.
You barely miss the orc. The orc hits you with a +0 hand axe.
The orc completely misses you.
You closely miss the orc. The orc hits you with a +0 hand axe.
You hit the orc but do no damage. You tail-slap the orc.
The orc is moderately wounded.
You block the orc's attack.
You closely miss the orc.
The orc is moderately wounded.
The orc completely misses you.
You hit the orc.
The orc is heavily wounded.
You block the orc's attack. The orc hits you with a +0 hand axe.
You sock the orc!
You kill the orc!
You thump the orc!
You kill the orc!
You swing at nothing.
An orc comes into view. It is wielding a +0 falchion.
The orc shouts!
The orc moves out of view.
Items here: )) [[.
An orc wizard comes into view. It is wielding a +1 dagger of venom.
You barely miss the orc. The orc hits you but does no damage.
You hit the orc but do no damage. The orc hits you but does no damage.
The orc completely misses you.
You completely miss the orc. You block the orc's attack.
You hit the orc.
Your tail-slap misses the orc.
The orc is severely wounded.
The orc hits you with a +0 falchion.
You hit the orc but do no damage. You tail-slap the orc.
The orc is almost dead.
The orc hits you with a +0 falchion.
You sock the orc!
You kill the orc!
You start resting.
HP restored.
Items here: ))) [[.
A worm comes into view.
An orc priest comes into view. It is wielding a +0 whip.
Items here: ))) [[.
You hit the worm.
The worm is moderately wounded.
You sock the worm!
The worm is severely wounded.
The worm bites you.
You sock the worm!
You kill the worm!
Items here: ))) [[.
The orc priest shouts!
Items here: ))) [[.
You block the orc priest's attack.
Items here: ))) [[.
You hit the orc priest.
Your tail-slap misses the orc priest.
The orc priest is lightly wounded.
The orc priest closely misses you.
The orc priest hits you but does no damage.
You sock the orc priest!
The orc priest is severely wounded.
The orc priest begins to cast a cantrip, but forgets the words!
You hit the orc priest but do no damage.
Your tail-slap misses the orc priest.
The orc priest is severely wounded.
The orc priest looks satisfied for a moment.
You barely miss the orc priest.
The orc priest is severely wounded.
The orc priest mumbles some strange prayers to Beogh against you.
You barely resist. You hit the orc priest. You tail-slap the orc priest.
You kill the orc priest!
You see here a +0 whip.
u - a potion of berserk rage
v - a scroll labelled DEMMOR JOUP You open the door.
There is an open door here.
You open the door.
There is an open door here.
As you open the door, it creaks loudly!
There is an open door here.
There is an open door here.
Found a stone staircase leading down.
The orc wizard shouts!
There is an open door here.
The orc wizard mumbles some strange words.
The orc wizard flickers and vanishes!
Deactivating autopickup; reactivate with Ctrl-A.
No target in view!
You miss something.
Your tail-slap misses something.
Something hits you but does no damage.
You are poisoned.
You closely miss something. You tail-slap something.
You feel sick. Something hits you but does no damage.
You are more poisoned.
You barely miss something.
Your tail-slap misses something.
You feel very sick. Something hits you but does no damage.
You are more poisoned.
You closely miss something.
You feel very sick. Something hits you.
You are more poisoned.
Something hits you but does no damage.
You are more poisoned.
You miss something.
Your tail-slap misses something.
You feel extremely sick.
You hear some strange, mumbled words.
You are confused.
You feel very sick.
You hear some strange, mumbled words.
You are more confused.
Something hits you.
You are lethally poisoned!
You feel very sick.
You completely miss something.
* * * LOW HITPOINT WARNING * * *
You feel very sick. Something hits you.
* * * LOW HITPOINT WARNING * * *
You are more poisoned.
You slurp down every last drop of the 3 smoky purple potions!
It was a potion of curing.
You feel better. Something hits you.
You are poisoned.
You barely miss something.
You feel very sick. Something hits you but does no damage.
You are more poisoned.
You closely miss something.
You feel very sick. You block something's attack.
You miss something.
* * * LOW HITPOINT WARNING * * *
You feel very sick. Something hits you but does no damage.
You are lethally poisoned!
Something hits you but does no damage.
You are more poisoned.
You slurp down every last drop of the 2 potions of curing!
You feel better. Something hits you but does no damage.
You are poisoned.
You closely miss something.
You feel sick. Something hits you but does no damage.
You are more poisoned.
You miss something.
Your tail-slap misses something.
You feel very sick. Something hits you.
You are more poisoned.
You miss something.
You feel very sick. Something hits you.
You are lethally poisoned!
You miss something.
* * * LOW HITPOINT WARNING * * *
You feel extremely sick. Something hits you but does no damage.
You are more poisoned.
You slurp down every last drop of the potion of curing!
You feel better. Something hits you.
You are poisoned.
You miss something.
Your tail-slap misses something.
You feel very sick. Something hits you but does no damage.
You are lethally poisoned!
Something hits you.
* * * LOW HITPOINT WARNING * * *
You are more poisoned.
You closely miss something.
* * * LOW HITPOINT WARNING * * *
You feel extremely sick. Something hits you but does no damage.
You are more poisoned.
You barely miss something. You tail-slap something.
You die...

Skill      XL: |  1  2  3  4 |
---------------+-------------+-----
Maces & Flails | 2 4 |  4.2
Armour         | 4 |  4.0
Fighting       | 3 |  3.8
Shields        | 4 |  4.0

Action                   |  1- 3 |  4- 6 || total
-------------------------+-------+-------++-------
Melee: Flail             |   101 |    85 ||   186
       Tailslap          |    11 |     8 ||    19
  Use: Potion            |       |     4 ||     4
Armor: Scale mail        |    12 |       ||    12
       Ring mail         |    25 |    40 ||    65
Dodge: Dodged            |    43 |    29 ||    72
Block: Buckler           |    23 |    19 ||    42

Levels and vault maps discovered:
D:1:      lightli_arrival_lavapool, layout_rooms,
          hellmonk_ecumenical_altar_run_dry, st_stairs_2
D:2:      layout_basic, minmay_fractal_squares_gapless_5
D:3:      layout_basic, portal_sewer_entry_d

Notes
Turn   | Place    | Note
-------+----------+-------------------------------------------
     0 | D:1      | scionoferis the Armataur Fighter began the quest for the
                  | Orb.
     0 | D:1      | Reached XP level 1. HP: 19/19 MP: 1/1
    72 | D:1      | Reached skill level 2 in Maces & Flails
    83 | D:1      | Found a faded altar of an unknown god.
   147 | D:1      | Reached XP level 2. HP: 25/26 MP: 2/2
   438 | D:1      | Reached skill level 4 in Armour
   438 | D:1      | Reached XP level 3. HP: 32/32 MP: 3/3
   510 | D:2      | Reached skill level 3 in Fighting
   901 | D:2      | Reached XP level 4. HP: 17/40 MP: 4/4
  1093 | D:2      | Reached skill level 3 in Maces & Flails
  1339 | D:3      | Reached skill level 4 in Shields
  1339 | D:3      | Found a glowing drain.
  1349 | Sewer    | Entered a sewer
  1381 | Sewer    | Noticed Pargi
  1392 | Sewer    | Killed Pargi
  1393 | Sewer    | Reached skill level 4 in Maces & Flails
  1393 | Sewer    | Reached XP level 5. HP: 49/49 MP: 5/5
  1793 | D:3      | HP: 3/49 [poisoned by an orc wizard]
  1794 | D:3      | Succumbed to an orc wizard's poison

Vanquished Creatures
  Pargi (Sewer)
  An orc priest (D:3)
  4 adders (D:2 D:3)
  3 worms (D:2 D:3)
  3 dart slugs (D:1 D:2)
  3 orcs (D:3)
  8 bats (D:1 D:2 Sewer)
  6 endoplasms (D:1 D:2)
  3 giant cockroaches (D:1 D:2)
  2 goblins (D:1 D:3)
  5 hobgoblins (D:1 D:2 D:3)
  3 quokkas (D:1 D:2)
  3 ball pythons (D:1 D:2)
  4 frilled lizards (D:1 D:2)
  7 kobolds (D:1 D:2)
  2 rats (D:1 D:2)
58 creatures vanquished.

Table legend: (Time is in decaauts)
 A = Elapsed time spent in this place.
 B = Non-inter-level travel time spent in this place.
 C = Inter-level travel time spent in this place.
 D = Time resting spent in this place.
 E = Time spent auto-exploring this place.
 F = Levels seen in this place.
 G = Mean time per level.
                   A        B        C        D        E       F      G
               +--------+--------+--------+--------+--------+-----+--------+
         Total |   1858 |   1845 |     13 |    177 |    996 |   4 |  464.5 |
       Dungeon |   1721 |   1708 |     13 |    159 |    971 |   3 |  573.7 |
         Sewer |    137 |    137 |      0 |     18 |     25 |   1 |  137.0 |
               +--------+--------+--------+--------+--------+-----+--------+

Top non-repeatable levels by time:
     D:2: 714 daAuts
     D:1: 524 daAuts
     D:3: 482 daAuts
   Sewer: 137 daAuts

Table legend:
 A = Non-vault XP
 B = Vault XP
 C = Vault XP percentage of total XP
 D = Non-vault monster count
 E = Vault monster count
 F = Vault count percentage of total count
                 A         B        C        D         E       F
            +---------+---------+-------+---------+---------+-------
      Total |     148 |     186 |  55.7 |      44 |      14 |  24.1
            +---------+---------+-------+---------+---------+-------
        D:1 |      40 |       2 |   4.8 |      21 |       2 |   8.7
        D:2 |      31 |      34 |  52.3 |      14 |       6 |  30.0
        D:3 |      77 |      13 |  14.4 |       9 |       1 |  10.0
      Sewer |       0 |     137 | 100.0 |       0 |       5 | 100.0
            +---------+---------+-------+---------+---------+-------
